 Dungeon Crawl Stone Soup version 0.23.2-30-g0e89c35649 (webtiles) character file.

Game seed: 9805675290682804639

7 senseless the Caller (level 1, 0/10 HPs)
             Began as a Deep Elf Summoner on June 10, 2019.
             Slain by an ooze (5 damage)
             ... on level 1 of the Dungeon.
             The game lasted 00:03:30 (569 turns).

senseless the Caller (Deep Elf Summoner)             Turns: 569, Time: 00:03:31

Health: 0/10       AC:  2    Str:  5    XL:     1   Next: 83%
Magic:  4/7        EV: 13    Int: 19    God:
Gold:   36         SH:  0    Dex: 15    Spells: 6/7 levels left

rFire    . . .     SeeInvis .   l - +0 short sword
rCold    . . .     Gourm    .   (no shield)
rNeg     . . .     Faith    .   a - +0 robe
rPois    .         Spirit   .   (no helmet)
rElec    .         Reflect  .   (no cloak)
rCorr    .         Harm     .   (no gloves)
MR       .....                  (no boots)
Stlth    ++........             (no amulet)
HPRegen  0.03/turn              (no ring)
MPRegen  0.10/turn              (no ring)

@: very slightly contaminated
A: no striking features
a: no special abilities


You were on level 1 of the Dungeon.
You were not hungry.

You visited 1 branch of the dungeon, and saw 1 of its levels.

You collected 36 gold pieces.

Inventory:

Hand Weapons
 e - a +0 hunting sling
 l - a +0 short sword (weapon)
Missiles
 m - 36 stones (quivered)
Armour
 a - a +0 robe (worn)
Jewellery
 k - an uncursed ring of fire {unknown}
 r - a +4 amulet of reflection {unknown}
Scrolls
 b - a scroll of fear {unknown}
 d - 3 scrolls of identify {unknown}
 f - 2 scrolls of remove curse {unknown}
 g - a scroll of amnesia {unknown}
 h - a scroll of enchant armour {unknown}
 i - 2 scrolls of teleportation {unknown}
 o - a scroll of fog {unknown}
 q - 2 scrolls of enchant weapon {unknown}
Potions
 j - 2 potions of curing {unknown}
 p - 2 potions of might {unknown}
Comestibles
 c - 2 rations
 n - 3 chunks of flesh


   Skills:
 + Level 2.5 Dodging
 + Level 2.4 Stealth
 + Level 3.5 Spellcasting
 + Level 4.5 Summonings


You had 6 spell levels left.
You knew the following spells:

 Your Spells              Type           Power        Failure   Level  Hunger
a - Summon Small Mammal   Summ           ###.         2%          1    None

Your spell library contained the following spells:

 Spells                   Type           Power        Failure   Level  Hunger
 Call Imp                 Summ           ###.....     3%          2    ##.....
 Call Canine Familiar     Summ           ###.....     7%          3    ###....
 Summon Guardian Golem    Hex/Summ       ##......     17%         3    ###....
 Summon Ice Beast         Ice/Summ       ##......     50%         4    ####...
 Summon Lightning Spire   Summ/Air       ##......     50%         4    ####...


Dungeon Overview and Level Annotations

Branches:
Dungeon (1/15)

Altars:


Message History

Confirm with . or Enter, or press ? or * to list all spells.
The ooze hits your rat.
Your rat dies!
Your rat's corpse disappears in a puff of smoke!
Casting: Summon Small Mammal (safe; 2% risk of failure)
Confirm with . or Enter, or press ? or * to list all spells.
You hit the ooze but do no damage.
Your rat bites the ooze but does no damage.
The ooze hits you.
Ouch! That really hurt!
Your rat barely misses the ooze.
You hit the ooze but do no damage. The ooze misses you.
Your rat bites the ooze.
Casting: Summon Small Mammal (safe; 2% risk of failure)
Confirm with . or Enter, or press ? or * to list all spells.
You miscast Summon Small Mammal.
You are very lightly contaminated with residual magic.
You feel a strange surge of energy! The ooze hits you.
Ouch! That really hurt!
You die...

#.......# #.# #....#
#.......# #.# #....#
#.......###.# ######
#.#####..##.# #.##.# ##
#.##'######## #.
#......#....# ##
#######.r....#....# #
......'J@....#....#######
....###...........'.....#
. #.....(.....#####.#
#........รท..# #.#
+...>.......# #.#
#...........# #.#
#.......##### #.#
#######.... #.# ##### #.#


You could see an ooze and a friendly rat.

Vanquished Creatures
  A giant cockroach (D:1)
  A goblin (D:1)
  A hobgoblin (D:1)
  A rat (D:1)
4 creatures vanquished.

Vanquished Creatures (collateral kills)
  A goblin (D:1)
  A hobgoblin (D:1)
  A kobold (D:1)
3 creatures vanquished.

Grand Total: 7 creatures vanquished

Notes
Turn   | Place    | Note
-------+----------+-------------------------------------------
     0 | D:1      | senseless the Deep Elf Summoner began the quest for the
                  | Orb.
     0 | D:1      | Reached XP level 1. HP: 10/10 MP: 6/6
   569 | D:1      | Slain by an ooze

Action                   || total
-------------------------++-------
Melee: Short sword       ||     6
 Cast: Summon Small Mamm ||    13
 Stab: Sleeping          ||     3
Dodge: Dodged            ||     4
